 Dungeon Crawl Stone Soup version 0.25-a0-398-g1920f1ac21 (webtiles) character file.

Game seed: 16570794217068762631, levelgen mode: deterministic

520 MordorOrchid the Chiller (level 7, -6/45 HPs)
             Began as an Octopode Ice Elementalist on Jan 8, 2020.
             Was a Follower of Sif Muna.
             Mangled by a wraith (13 damage)
             ... in an ossuary.
             The game lasted 00:18:28 (4633 turns).

MordorOrchid the Chiller (OpIE)                     Turns: 4633, Time: 00:18:29

Health: -6/45      AC:  1    Str:  7    XL:     7   Next: 21%
Magic:  9/13       EV: 16    Int: 19    God:    Sif Muna [*.....]
Gold:   248        SH:  0    Dex: 20    Spells: 3/14 levels left

rFire    x . .     SeeInvis .   p - +10 trident "Ceecsid" {pierce, rC+ Dex+4}
rCold    + + +     Gourm    .   (no shield)
rNeg     . . .     Faith    .   (helmet restricted)
rPois    +         Spirit   .   (no amulet)
rElec    .         Reflect  .   a - +1 ring of evasion
rCorr    .         Harm     .   c - ring of ice
MR       .....                  f - ring of flight
Stlth    ++++......             z - ring of Teeshreuh {Wiz rPois rC++ Dex+3}
HPRegen  0.15/turn              (no ring)
MPRegen  0.13/turn              (no ring)
                                (no ring)
                                (no ring)

@: confusing touch, slowed, very slow
A: almost no armour, stealthy swim, amphibious, 8 rings, constrict 8, camouflage
1, gelatinous body 1
a: Channel Magic, Renounce Religion, Evoke Flight


You were in an ossuary.
You worshipped Sif Muna.
Sif Muna was aware of your devotion.
You were not hungry.

You visited 2 branches of the dungeon, and saw 6 of its levels.
You also visited: Ossuary.

You collected 248 gold pieces.

Inventory:

Hand Weapons
 j - a +0 hunting sling
 o - a +0 short sword
 p - the +10 trident "Ceecsid" (weapon) {pierce, rC+ Dex+4}
   (You found it on level 5 of the Dungeon)

   It inflicts extra damage upon your enemies.
   It affects your dexterity (+4).
   It protects you from cold.
 y - a +2 dagger of venom
Missiles
 d - 14 poisoned darts (quivered)
 i - 93 bolts
 m - 8 sling bullets
 s - 38 arrows
 x - 126 stones
Jewellery
 a - a +1 ring of evasion (left tentacle)
 c - a ring of ice (right tentacle)
 f - a ring of flight (on tentacle)
 z - the ring of Teeshreuh (on tentacle) {Wiz rPois rC++ Dex+3}
   (You found it on level 5 of the Dungeon)

   [ring of wizardry]

   It improves your spell success rate.
   It affects your dexterity (+3).
   It greatly protects you from cold.
   It protects you from poison.
Scrolls
 g - a scroll of random uselessness {unknown}
 q - 2 scrolls of blinking {unknown}
 t - a scroll of immolation
 u - a scroll of magic mapping {unknown}
 v - 2 scrolls of enchant weapon {unknown}
 w - a scroll of teleportation
 A - a scroll of amnesia {unknown}
Potions
 e - 2 potions of lignification {unknown}
 h - 2 potions of might {unknown}
 k - 3 potions of curing
 l - a potion of heal wounds {unknown}
 n - a potion of mutation {unknown}
 r - 2 potions of haste {unknown}
 B - a potion of cancellation {unknown}
 C - a potion of flight {unknown}
 D - 2 potions of brilliance {unknown}
Comestibles
 b - 6 rations


   Skills:
 - Level 2.2 Fighting
 * Level 0.1 Polearms
 * Level 3.1 Dodging
 - Level 3.0 Stealth
 + Level 4.4 Spellcasting
 * Level 0.7 Conjurations
 * Level 1.8 Hexes
 * Level 1.9 Charms
 - Level 5.1 Ice Magic


You had 3 spell levels left.
You knew the following spells:

 Your Spells              Type           Power        Failure   Level  Hunger
a - Freeze                Ice            ####         1%          1    None
b - Ozocubu's Armour      Chrm/Ice       ####....     4%          3    ###....
f - Hailstorm             Conj/Ice       ###.....     16%         4    ####...
A - Confusing Touch       Hex            ##......     8%          3    ###....

Your spell library contained the following spells:

 Spells                   Type           Power        Failure   Level  Hunger
 Gell's Gravitas          Tloc           #.........   16%         3    ###....
 Summon Ice Beast         Ice/Summ       ###.....     17%         4    ####...
 Metabolic Englaciation   Hex/Ice        ####......   32%         5    ######.
 Petrify                  Tmut/Erth      #.......     45%         4    ####...
 Yara's Violent Unravell  Hex/Tmut       #.........   65%         5    ######.


Dungeon Overview and Level Annotations

Branches:
Dungeon (5/15)             Temple (1/1) D:5         Ossuary (1/1)

Altars:
Ashenzari
Dithmenos
Elyvilon
Fedhas
Gozag
Kikubaaqudgha
Makhleb
Nemelex Xobeh
Okawaru
Sif Muna
Trog
Uskayaw
Vehumet
Wu Jian
Xom
Zin
The Shining One

Shops:
D:4 [

Annotations:
D:4 Eustachio
D:5 2 runed translucent doors, Napalmbreeze's ghost, novice MfSk


Innate Abilities, Weirdness & Mutations

You cannot wear most types of armour.
You are very stealthy in the water. (Stealth+)
You are amphibious.
You can wear up to eight rings at the same time.
You can use your tentacles to constrict eight enemies at once.
Your skin changes colour to match your surroundings (Stealth+).
Your rubbery body absorbs attacks. (AC +1, EV +1)


Message History

You barely miss the wraith. Your squeeze misses the wraith.
The wraith is moderately damaged.
The wraith barely misses you. The wraith hits you.
Casting: Confusing Touch (safe; 8% risk of failure)
Confirm with . or Enter, or press ? or * to list all spells.
Your tentacles begin to glow red.
The wraith hits you. The wraith drains your vigour!
You feel as though you will be slow longer.
The wraith hits you! The wraith drains your vigour!
You feel as though you will be slow longer.
Unknown command.
You hit the wraith but do no damage.
The wraith is moderately damaged.
The wraith hits you. The wraith hits you!
* * * LOW HITPOINT WARNING * * *
You closely miss the wraith.
You squeeze the wraith, but do no damage.
The wraith is moderately damaged.
The wraith closely misses you. The wraith hits you!
You die...

###########################
#.........................#
#.∩.....................∩.#
#.......#####'#####.......#
#......##.........##......#
#.....##...#####...##.....#
#....##...##...##...##....#
#....#...##.!.!.##...#....#
#....+...'@W??.!.# ..+....#
#....#...##..?!.## .#....#
#....##...##...##. ##....#
#.....##...#####.. ##.....#
#......##... ..##......#
#.......#####+#####.......#
#.∩.....................∩.#
#.........................#
############'''############


You could see a wraith.

Vanquished Creatures
  Sigmund (D:4)
  An ogre (D:4)
  A bullfrog zombie (D:5)
  A hound (D:2)
  Natasha (D:3)
  An iguana (D:5)
  A mummy (Ossuary)
  3 adders
  An adder skeleton (D:4)
  5 worms
  3 dart slugs
  3 orcs
  7 giant cockroaches
  6 goblins
  7 hobgoblins
  10 jackals (D:1)
  8 kobolds
  2 quokkas (D:2)
  A ball python (D:1)
  10 bats
  6 frilled lizards
  7 gnoll skeletons (Ossuary)
  6 kobold skeletons (Ossuary)
  12 orc skeletons (Ossuary)
  7 rats
111 creatures vanquished.

Notes
Turn   | Place    | Note
-------+----------+-------------------------------------------
     0 | D:1      | MordorOrchid the Octopode Ice Elementalist began the quest
                  | for the Orb.
     0 | D:1      | Reached XP level 1. HP: 11/11 MP: 3/3
    57 | D:1      | Reached XP level 2. HP: 17/18 MP: 0/5
   569 | D:1      | Reached XP level 3. HP: 22/22 MP: 6/6
  1244 | D:1      | Learned a level 3 spell: Ozocubu's Armour
  1329 | D:2      | Reached skill level 1 in Fighting
  1617 | D:2      | Reached XP level 4. HP: 21/28 MP: 3/8
  1708 | D:2      | Learned a level 3 spell: Confusing Touch
  2001 | D:2      | Found a glowing golden altar of the Shining One.
  2098 | D:2      | Reached XP level 5. HP: 33/33 MP: 9/9
  2112 | D:2      | Found an iron altar of Okawaru.
  2112 | D:2      | Found a bloodstained altar of Trog.
  2113 | D:2      | Found a shadowy altar of Dithmenos.
  2239 | D:2      | Found a burning altar of Makhleb.
  2652 | D:4      | Found a sparkling altar of Nemelex Xobeh.
  2682 | D:4      | Found Wash's Antique Armour Shop.
  2746 | D:4      | Noticed an ogre
  2767 | D:4      | Killed an ogre
  2767 | D:4      | Reached skill level 1 in Charms
  3054 | D:3      | Noticed Natasha
  3057 | D:3      | Reached XP level 6. HP: 39/39 MP: 11/11
  3060 | D:3      | Killed Natasha
  3060 | D:3      | Reached skill level 1 in Hexes
  3114 | D:3      | Found a shimmering altar of Xom.
  3114 | D:3      | Found a shimmering altar of Xom.
  3116 | D:3      | Found a shimmering altar of Xom.
  3117 | D:3      | Found a shimmering altar of Xom.
  3604 | D:4      | Noticed Sigmund
  3627 | D:4      | Killed Sigmund
  3627 | D:4      | Reached skill level 5 in Ice Magic
  3636 | D:4      | Learned a level 4 spell: Hailstorm
  3772 | D:4      | Noticed Eustachio
  3802 | D:5      | Entered Level 5 of the Dungeon
  3804 | D:5      | Found a staircase to the Ecumenical Temple.
  3830 | Temple   | Entered the Ecumenical Temple
  3873 | Temple   | Became a worshipper of Sif Muna the Loreminder
  3929 | D:5      | Reached XP level 7. HP: 40/45 MP: 10/13
  3970 | D:5      | Found a large runed translucent door.
  3971 | D:5      | Found a large runed translucent door.
  3972 | D:5      | Noticed Napalmbreeze's ghost (novice MfSk)
  4094 | D:5      | Got a crude trident
  4095 | D:5      | Identified the +10 trident "Ceecsid" {pierce, rC+ Dex+4}
                  | (You found it on level 5 of the Dungeon)
  4138 | D:5      | Found a white marble altar of Elyvilon.
  4150 | D:5      | Got a sparkling silver ring
  4151 | D:5      | Identified the ring of Teeshreuh {Wiz rPois rC++ Dex+3}
                  | (You found it on level 5 of the Dungeon)
  4199 | D:5      | Found a sand-covered staircase.
  4211 | Ossuary  | Entered an ossuary
  4211 | Ossuary  | Noticed a wraith
  4211 | Ossuary  | Noticed a wraith
  4211 | Ossuary  | Noticed a wraith
  4501 | Ossuary  | Reached * piety under Sif Muna
  4615 | Ossuary  | Noticed a wraith
  4633 | Ossuary  | Mangled by a wraith

Levels and vault maps discovered:
D:1:      minmay_arrival_stair_chambers, layout_basic, minmay_hexomino_p4
D:2:      layout_rooms, makhleb_blood_cavern_becter, old_standard_altar,
          chequers_temple_overflow_statue_of_worship, first_ration,
          st_stairs_13, minmay_quantized
D:3:      layout_basic, xom_redecorated, uniq_natasha
D:4:      layout_basic, lemuel_crystal_altar, serial_rivers,
          chequers_serial_rivers_micro_e, chequers_serial_rivers_micro_e,
          chequers_serial_rivers_small_3, chequers_serial_rivers_small_a,
          chequers_serial_rivers_small_3, serial_shops,
          nicolae_shop_temple_entry_statues_fountains, uniq_sigmund,
          uniq_eustachio
D:5:      layout_basic, elyvilon_altar_5, temple_fountains,
          nicolae_ossuary_entry_monument, ebering_ghost_disaster_area
Temple:   dpeg_three_leaves_temple
Ossuary:  ossuary_due_mausoleum

Skill      XL: |  1  2  3  4  5  6 |
---------------+-------------------+-----
Stealth        | 3 |  3.0
Fighting       | 1 2 |  2.2
Spellcasting   | 3 4 |  4.4
Charms         | 1 |  1.9
Hexes          | 1 |  1.8
Dodging        | 3 |  3.1
Ice Magic      | 5 |  5.1
Polearms       | |  0.1
Conjurations   | |  0.7

Action                   |  1- 3 |  4- 6 |  7- 9 || total
-------------------------+-------+-------+-------++-------
Melee: Unarmed           |    18 |       |       ||    18
       Constrict         |    13 |     7 |       ||    20
       Tentacles         |     7 |     3 |     2 ||    12
       Short sword       |    34 |       |       ||    34
       Dagger            |       |    22 |       ||    22
       Trident           |       |       |    13 ||    13
 Fire: Hunting sling     |    16 |    51 |    92 ||   159
Throw: Dart              |    32 |    54 |       ||    86
 Cast: Freeze            |    29 |    38 |     2 ||    69
       Confusing Touch   |       |       |     2 ||     2
  Use: Scroll            |       |     4 |       ||     4
 Stab: Sleeping          |     8 |     8 |       ||    16
       Confused          |       |       |     1 ||     1
  Eat: Chunk             |     2 |     7 |     1 ||    10
       Ration            |       |       |     1 ||     1
Armor: Skin              |     7 |       |       ||     7
Dodge: Dodged            |    70 |    38 |    10 ||   118

Table legend:
 A = Non-vault XP
 B = Vault XP
 C = Vault XP percentage of total XP
 D = Non-vault monster count
 E = Vault monster count
 F = Vault count percentage of total count
                 A         B        C        D         E       F
            +---------+---------+-------+---------+---------+-------
      Total |     377 |     367 |  49.3 |      73 |      38 |  34.2
            +---------+---------+-------+---------+---------+-------
        D:1 |      55 |       4 |   6.8 |      31 |       3 |   8.8
        D:2 |      52 |      58 |  52.7 |      21 |       7 |  25.0
        D:3 |      34 |      36 |  51.4 |      11 |       1 |   8.3
        D:4 |     147 |     223 |  60.3 |       5 |       1 |  16.7
        D:5 |      89 |       0 |   0.0 |       5 |       0 |   0.0
    Ossuary |       0 |      46 | 100.0 |       0 |      26 | 100.0
            +---------+---------+-------+---------+---------+-------
